AoeStats
← Imperador Snow

Arabian Desert

510011487Analyzed
1v1 RM · 3d ago on Sep 29, 2026· 36m 24s· 2 players
Game mode
Random Map
Map size
Tiny (2 player)
Population
200
Speed
Normal
Resources
Standard
Victory
Conquest
Starting age
Dark Age
Ending age
Imperial Age
RankedLock teamsTeams togetherTeam positionsShared explorationLock speedFull tech treeHidden civsTurbo modeCheats
Victory
Defeat
🇧🇷 Varangians · Brazil
1090
+15
🇦🇷 Goths · Argentina
1071
-15
DUR0 [ARG]
7:23 Loom
9:45 Feudal Age
11:02 Double-Bit Axe
17:16 Castle Age
16:53 Stone Mining
26:47 Scale Mail Armor
32:48 Forging
33:41 Pikeman
Imperador Snow
6:33 Loom
6:53 Loom
9:24 Feudal Age
10:16 Double-Bit Axe
13:00 Horse Collar
16:31 Bloodlines
17:41 Forging
23:10 Wheelbarrow
27:04 Castle Age
26:53 Gold Mining
28:32 Light Cavalry
29:13 Husbandry
29:20 Scale Barding Armor
30:32 Light Cavalry
36:11 Chain Barding Armor
36:27 Iron Casting
Connection lost

Rejoining the realm…

Still unreachable

The connection could not be restored.

Session expired

The server has moved on; the page needs a fresh start.